 Dungeon Crawl Stone Soup version 0.29.1-2-gbd0b4ee654 (webtiles) character file.

Game seed: 10226094989228377697

383 GorkyZ the Trooper (level 6, -5/48 HPs)
             Began as a Demonspawn Fighter on Nov 22, 2022.
             Slain by an orc warrior
             ... wielding a +0 battleaxe
              (20 damage)
             ... on level 6 of the Dungeon.
             The game lasted 00:11:53 (4135 turns).

GorkyZ the Trooper (Demonspawn Fighter)             Turns: 4135, Time: 00:11:54

Health: -5/48      AC: 13    Str: 19    XL:     6   Next: 47%
Magic:  6/6        EV: 10    Int:  9    God:
Gold:   210        SH:  0    Dex: 16    Spells: 5/5 levels left

rFire   + . .      SeeInvis .   l - +1 dagger (venom)
rCold   . . .      Faith    .   (no shield)
rNeg    . . .      Spirit   .   b - +1 scale mail
rPois   .          Reflect  .   (no helmet)
rElec   .          Harm     .   (no cloak)
rCorr   .          Rampage  .   (no gloves)
Will    .....                   (no boots)
Stlth   ..........              (no amulet)
HPRegen 0.16/turn               m - ring of protection from fire
MPRegen 0.20/turn               u - ring "Orahoefy" {Wiz Dex+4}

@: sanguine armoured
A: magic regeneration, sanguine armour 1, demonic magic 2, demonic touch 1
a: no special abilities


You were on level 6 of the Dungeon.
You visited 1 branch of the dungeon, and saw 5 of its levels.

You collected 210 gold pieces.

Inventory:

Hand Weapons
 a - a +0 war axe
 l - a +1 dagger of venom (weapon)
Missiles
 k - 9 poisoned darts (quivered)
 q - a boomerang
Armour
 b - a +1 scale mail (worn)
 c - a +0 buckler
 r - a +2 leather armour of positive energy
Jewellery
 m - a ring of protection from fire (left hand)
 n - an amulet of magic regeneration
 u - the ring "Orahoefy" (right hand) {Wiz Dex+4}
   (You found it on level 3 of the Dungeon)

   [ring of wizardry]

   It improves your spell success rate.
   Dex:       It affects your dexterity (+4).
Wands
 v - a wand of flame (22)
Scrolls
 e - a scroll of amnesia {unknown}
 g - 2 scrolls of teleportation
 h - a scroll of immolation {unknown}
 i - a scroll of magic mapping
 t - a scroll of identify
Potions
 d - a potion of might
 f - a potion of mutation {unknown}
 j - a potion of berserk rage
 o - a potion of heal wounds
 p - 3 potions of brilliance {unknown}
 s - a potion of haste {unknown}


   Skills:
 + Level 3.7 Fighting
 + Level 2.8 Axes
 + Level 1.8 Throwing
 + Level 3.5 Armour
 + Level 2.1 Dodging
 + Level 3.5 Shields
 + Level 2.2 Evocations


You had 5 spell levels left.
You didn't know any spells.
Your spell library contained the following spells:

 Spells                   Type           Power      Damage    Failure   Level
 Shock                    Conj/Air       0%         1d3       41%         1
 Ensorcelled Hibernation  Hex/Ice        0%         N/A       54%         2
 Call Canine Familiar     Summ           0%         N/A       77%         3
 Dazzling Flash           Conj/Hex       0%         N/A       77%         3
 Portal Projectile        Hex/Tloc       0%         N/A       77%         3
 Spider Form              Tmut/Pois      0%         N/A       77%         3
 Stone Arrow              Conj/Erth      0%         3d7       77%         3
 Swiftness                Air            0%         N/A       77%         3
 Airstrike                Air            0%         2d(0-16)  98%         4
 Anguish                  Hex/Necr       0%         N/A       98%         4
 Animate Armour           Summ/Erth      0%         N/A       98%         4
 Leda's Liquefaction      Hex/Erth       0%         N/A       98%         4
 Agony                    Necr           0%         N/A       100%        5
 Silence                  Hex/Air        0%         N/A       100%        5
 Lehudib's Crystal Spear  Conj/Erth      0%         10d2      100%        8


Dungeon Overview and Level Annotations

Branches:
Dungeon (6/15)
 Temple: D:4-7

Altars:
Dithmenos
Hepliaklqana


Innate Abilities, Weirdness & Mutations

You regenerate magic rapidly.
When seriously injured, your blood forms armour. (AC +6)
Spells you cast may paralyse nearby enemies.
Your touch may inflict minor irresistible damage on your foes.


Message History

You see here a wand of flame (22).
v - a wand of flame (22)
An orc warrior comes into view. It is wielding a +0 battleaxe.
The orc hits you but does no damage.
An orc wizard comes into view. It is wielding a +4 dagger.
An orc priest comes into view. It is wielding a +0 hand axe.
You see here 2 curare-tipped darts.
The orc priest shouts!
You hit the orc.
The orc is poisoned.
You touch the orc.
You kill the orc!
The orc hits you but does no damage.
The orc priest miscasts a cantrip.
You see here a +0 hand axe.
You hit the orc warrior.
The orc warrior is poisoned.
The orc warrior is lightly wounded.
The orc barely misses you. The orc warrior misses you.
You closely miss the orc warrior. Your touch misses the orc warrior.
The orc warrior is lightly wounded.
The orc hits you with a +0 club.
The orc warrior hits you with a +0 battleaxe!
You hit the orc warrior but do no damage.
The orc warrior looks as sick as possible!
The orc warrior is lightly wounded.
The orc wizard gestures wildly while chanting.
The orc wizard flickers and vanishes!
Deactivating autopickup; reactivate with Ctrl-A.
The orc hits you but does no damage.
The orc warrior hits you with a +0 battleaxe!
Your blood congeals into armour.
The orc priest invokes the aid of Beogh against you.
Beogh smites you!
You see here 2 curare-tipped darts.
You barely miss the orc warrior.
You touch the orc warrior.
The orc warrior is heavily wounded.
The orc warrior barely misses you.
You closely miss the orc warrior.
The orc warrior is heavily wounded.
The orc priest begins to cast a cantrip, but forgets the words!
The orc warrior hits you with a +0 battleaxe!!
You die...

#..# #### #..# #... ##
#..## #.## #.# #... #...
#.# #..# #########..
.###.####).# #..≈≈≈≈≈..#.
...........# #.≈....†≈.#.
.......##..# #.≈.≈≈≈.≈.#.
.......o@..###.≈≈...≈≈.#.
#.....o##....#.≈≈._.≈≈.#.
##..#.......##.≈≈...≈≈.#.
##...#####.##.≈.≈≈≈.≈.#.
#..# #.##.≈.....≈.#. ....
#.##..≈≈≈≈≈..#. ###.
#...#########.. #. #####
###


You could see an orc warrior (very poisoned) and an orc priest.

Vanquished Creatures
  A necrophage (D:4)
  A howler monkey (D:3)
  An orc priest (D:3)
  Terence (D:2)
  An iguana (D:6)
  An orc wizard (D:3)
  Robin (D:2)
  5 adders
  An ufetubus (D:4)
  2 worms
  A dart slug (D:1)
  10 orcs
  8 ball pythons
  6 bats (D:1)
  5 endoplasms
  3 giant cockroaches
  16 goblins
  6 hobgoblins
  3 jackals (D:1)
  3 quokkas
  2 frilled lizards
  5 kobolds
  12 rats
95 creatures vanquished.

Vanquished Creatures (others)
  2 fungi (D:1)
  A plant (D:1)
3 creatures vanquished.

Grand Total: 98 creatures vanquished

Notes
Turn   | Place    | Note
-------+----------+-------------------------------------------
     0 | D:1      | GorkyZ the Demonspawn Fighter began the quest for the Orb.
     0 | D:1      | Reached XP level 1. HP: 18/18 MP: 1/1
    83 | D:1      | Gained mutation: Your touch may inflict minor irresistible
                  | damage on your foes. [demonic ancestry]
    83 | D:1      | Reached XP level 2. HP: 24/24 MP: 2/2
   510 | D:1      | Gained mutation: Spells you cast may paralyse adjacent
                  | enemies. [demonic ancestry]
   510 | D:1      | Reached XP level 3. HP: 29/29 MP: 3/3
   555 | D:1      | Found a faded altar of an unknown god.
   723 | D:1      | Reached skill level 1 in Dodging
  1500 | D:2      | Noticed Terence
  1510 | D:2      | Killed Terence
  1511 | D:2      | Reached skill level 1 in Evocations
  1511 | D:2      | Gained mutation: Spells you cast may paralyse nearby
                  | enemies. [demonic ancestry]
  1511 | D:2      | Reached XP level 4. HP: 16/35 MP: 4/4
  1804 | D:2      | Reached skill level 1 in Throwing
  2067 | D:2      | Noticed Robin
  2089 | D:2      | Killed Robin
  2991 | D:3      | Gained mutation: When seriously injured, your blood forms
                  | armour. (AC +6) [demonic ancestry]
  2991 | D:3      | Reached XP level 5. HP: 37/41 MP: 5/5
  3154 | D:3      | Identified the ring "Orahoefy" {Wiz Dex+4}
  3445 | D:3      | Gained mutation: You regenerate magic rapidly. [demonic
                  | ancestry]
  3445 | D:3      | Reached XP level 6. HP: 34/47 MP: 6/6
  3941 | D:4      | Found a shadowy altar of Dithmenos.
  4061 | D:4      | You fall into a shaft and drop 2 floors!
  4084 | D:6      | Found a hazy altar of Hepliaklqana.
  4125 | D:6      | Noticed an orc warrior
  4135 | D:6      | Slain by an orc warrior

Illustrated notes

Levels and vault maps discovered:
D:1:      lemuel_arrival_rhombus, layout_loops_corners,
          dreamdust_ecumenical_altar_grove, minmay_circled_x
D:2:      layout_basic, basic_altar, uniq_terence, uniq_robin
D:3:      layout_rooms, portal_sewer_entry_d, minivault_14
D:4:      layout_basic, grunt_dithmenos_smoke, uniq_menkaure
D:6:      layout_loops_ring, zin_academy, nicolae_overflow_hidden_temple,
          mainiacjoe_overflow_paths, temple_fountains, uniq_crazy_yiuf_cottage

Skill      XL: |  1  2  3  4  5 |
---------------+----------------+-----
Axes           | 2 |  2.8
Shields        | 3 |  3.5
Dodging        | 1 2 |  2.1
Armour         | 3 |  3.5
Evocations     | 1 2 |  2.2
Throwing       | 1 |  1.8
Fighting       | |  3.7

Action                   |  1- 3 |  4- 6 || total
-------------------------+-------+-------++-------
Melee: War axe           |    71 |       ||    71
       Dagger            |    26 |   181 ||   207
       Touch             |       |    35 ||    35
       Punch             |       |     4 ||     4
  Use: Scroll            |       |     7 ||     7
Armor: Scale mail        |    50 |    73 ||   123
Dodge: Dodged            |    35 |    94 ||   129
Block: Buckler           |    29 |       ||    29
